 Dungeon Crawl Stone Soup version 0.30-a0-743-gbfdf073431 (webtiles) character file.

Game seed: 9429110038061934239

1421936 themarg the Eclecticist (level 25, 194/194 HPs)
             Began as a Mummy Cinder Acolyte on Feb 2, 2023.
             Was an Initiate of Gozag.
             Escaped with the Orb
             ... and 3 runes on Feb 6, 2023!
             The game lasted 08:51:09 (93623 turns).

themarg the Eclecticist (Mummy Cinder Acolyte)     Turns: 93623, Time: 08:51:10

Health: 194/194    AC: 22    Str: 25      XL:     25   Next: 35%
Magic:  44/44      EV: 17    Int: 29      God:    Gozag
Gold:   755        SH: 14    Dex: 13 (16) Spells: 13/58 levels left

rFire   + . .      SeeInvis +    k - +6 morningstar of Impatience {spect, Drain rCorr Int+7}
rCold   + + .      Faith    +    S - +1 kite shield {rF+}
rNeg    + + +      Spirit   .    j - +4 troll leather armour
rPois   ∞          Reflect  .    O - +3 hat of the Imp {Regen+ Dex+5}
rElec   +          Harm     .    i - +2 cloak
rCorr   +          Rampage  .    M - +1 pair of gloves of Kaileck {Regen+ Str+3}
Will    +++..                    G - +2 pair of boots {Fly}
Stlth   +                        r - amulet of magic regeneration
HPRegen 2.92/turn                y - ring "Lykkoe" {rF+ rC+ Str+3 SInv Stlth+}
MPRegen 0.69/turn                W - ring of the Scarab {rElec rCorr Dex+2 SInv}

@: flying, studying 2 skills
A: cold resistance 1, negative energy resistance 3, torment resistance 2, heat
vulnerability 1, in touch with death 2, no potions, faith
0: Orb of Zot
}: 3/15 runes: barnacled, silver, gossamer
a: Renounce Religion, Potion Petition, Call Merchant, Bribe Branch


You escaped.
You worshipped Gozag.
Gozag was pleased with you.
You visited 12 branches of the dungeon, and saw 53 of its levels.
You also visited: Trove, Gauntlet and Ice Cave.

You collected 23607 gold pieces.
You spent 677 gold pieces at shops.
You paid 22175 gold pieces to Gozag.

Inventory:

Hand Weapons
 k - the +6 morningstar of Impatience (weapon) {spect, Drain rCorr Int+7}
   (You took it off a deep elf death mage on level 3 of the Elven Halls)

   Int:       It affects your intelligence (+7).
   rCorr:     It protects you from acid and corrosion.
   Drain:     It drains your maximum health when unequipped.
Missiles
 d - 5 boomerangs of dispersal
 f - 44 poisoned darts (quivered)
 x - 5 throwing nets
 H - 2 curare-tipped darts
 K - 10 silver javelins
Armour
 b - a +0 kite shield of reflection
 i - a +2 cloak (worn)
 j - a +4 troll leather armour (worn)
 G - a +2 pair of boots of flying (worn)
 M - the +1 pair of gloves of Kaileck (worn) {Regen+ Str+3}
   (You found it on level 3 of the Crypt)

   Str:       It affects your strength (+3).
   Regen:     It increases your rate of health regeneration.
 O - the +3 hat of the Imp (worn) {Regen+ Dex+5}
   (You found it on level 4 of the Spider Nest)

   Dex:       It affects your dexterity (+5).
   Regen:     It increases your rate of health regeneration.
 R - the +4 skin of Zhor {*Englaciate rC+++ SInv}
   (You found it on level 2 of the Lair of Beasts)

   *Englaciate: It radiates cold, occasionally slowing all nearby creatures who
   are not resistant to cold.
   rC:        It renders you almost immune to cold.
   SInv:      It lets you see invisible.
 S - a +1 kite shield of fire resistance (worn)
Magical Staves
 g - a staff of conjuration
 Z - a staff of death
Jewellery
 o - the ring "Peirongi" {rElec rF+ Int+6}
   (You found it on level 3 of the Crypt)

   [ring of intelligence]

   Int:       It affects your intelligence (+6).
   rF:        It protects you from fire.
   rElec:     It insulates you from electricity.
 r - an amulet of magic regeneration (around neck)
 v - the ring of the Battered Hells {rPois rCorr Int+4 Slay+4}
   (You found it in a treasure trove)

   [ring of slaying]

   Int:       It affects your intelligence (+4).
   Slay:      It affects your accuracy & damage with ranged weapons and melee
   (+4).
   rPois:     It protects you from poison.
   rCorr:     It protects you from acid and corrosion.
 y - the ring "Lykkoe" (left hand) {rF+ rC+ Str+3 SInv Stlth+}
   (You found it in a treasure trove)

   [ring of see invisible]

   Str:       It affects your strength (+3).
   rF:        It protects you from fire.
   rC:        It protects you from cold.
   SInv:      It lets you see invisible.
   Stlth:     It makes you more stealthy.
 J - the ring "Qicwun" {Fire Fly Will+ Str-2 Dex+4}
   (You took it off a merfolk on level 3 of the Shoals)

   [ring of fire]

   It enhances your fire magic.
   Str:       It affects your strength (-2).
   Dex:       It affects your dexterity (+4).
   rF:        It protects you from fire.
   rC:        It makes you vulnerable to cold.
   Fly:       It grants you flight.
   Will:      It increases your willpower.
 W - the ring of the Scarab (right hand) {rElec rCorr Dex+2 SInv}
   (You found it in a Gauntlet)

   [ring of resist corrosion]

   Dex:       It affects your dexterity (+2).
   rElec:     It insulates you from electricity.
   SInv:      It lets you see invisible.
   rCorr:     It protects you from acid and corrosion.
 Y - the amulet "Caor" {Faith rF+}
   (You found it on level 3 of the Depths)

   [amulet of faith]

   It allows you to gain divine favour quickly.
   rF:        It protects you from fire.
Wands
 l - a wand of mindburst (26)
 u - a wand of digging (15)
 A - a wand of charming (28)
 C - a wand of flame (30)
 F - a wand of polymorph (34)
 Q - a wand of light (21)
 U - a wand of iceblast (16)
Scrolls
 c - 5 scrolls of amnesia
 e - 15 scrolls of immolation
 h - 5 scrolls of silence
 m - 5 scrolls of vulnerability
 p - 5 scrolls of brand weapon
 s - 10 scrolls of blinking
 t - 17 scrolls of fog
 z - 6 scrolls of fear
 B - 16 scrolls of poison
 D - 21 scrolls of teleportation
 E - 3 scrolls of torment
 P - 6 scrolls of enchant weapon
 V - 3 scrolls of summoning
Miscellaneous
 a - a box of beasts
 q - a condenser vane
 L - a phantom mirror
 N - a tin of tremorstones (2/2)
 X - a phial of floods


   Skills:
 - Level 15.0 Fighting
 - Level 2.4 Short Blades
 + Level 9.0 Maces & Flails
 - Level 2.0 Throwing
 - Level 10.0 Armour
 - Level 15.0 Dodging
 - Level 2.0 Stealth
 - Level 15.0 Shields
 - Level 17.0 Spellcasting
 - Level 13.0 Conjurations
 - Level 5.5 Hexes
 - Level 10.0 Summonings
 - Level 12.0 Necromancy
 - Level 6.0 Translocations
 - Level 7.0 Transmutations
 - Level 6.0 Fire Magic
 - Level 7.0 Ice Magic
 - Level 7.0 Air Magic
 - Level 12.0 Earth Magic
 - Level 4.0 Poison Magic
 - Level 7.0 Evocations


You had 13 spell levels left.
You knew the following spells:

 Your Spells              Type           Power      Damage    Failure   Level
a - Death Channel         Necr           59%        N/A       3%          6
b - Apportation           Tloc           100%       N/A       1%          1
c - Ignite Poison         Fire/Tmut/Pois 55%        N/A       1%          3
d - Freezing Cloud        Conj/Ice/Air   33%        6-21      2%          5
e - Passage of Golubria   Tloc           56%        N/A       3%          4
f - Irradiate             Conj/Tmut      35%        3d23      1%          5
g - Yara's Violent Unrav  Hex/Tmut       28%        3d12      8%          5
h - Borgnjor's Vile Clut  Necr/Erth      59%        N/A       1%          5
i - Lee's Rapid Deconstr  Erth           38%        3d19*     1%          5
j - Dispel Undead         Necr           100%       3d31      1%          4
k - Blink                 Tloc           100%       N/A       1%          2

Your spell library contained the following spells:

 Spells                   Type           Power      Damage    Failure   Level
 Magic Dart               Conj           100%       1d8       0%          1
 Foxfire                  Conj/Fire      100%       2x1d9     1%          1
 Slow                     Hex            100%       N/A       1%          1
 Sting                    Tmut/Pois      100%       1d8       1%          1
 Summon Small Mammal      Summ           100%       N/A       1%          1
 Cigotuvi's Dreadful Rot  Necr/Pois/Air  100%       N/A       1%          2
 Ensorcelled Hibernation  Hex/Ice        100%       N/A       1%          2
 Lesser Beckoning         Tloc           100%       N/A       1%          2
 Momentum Strike          Conj/Tloc      100%       3d10      1%          2
 Passwall                 Tmut/Erth      56%        N/A       1%          2
 Poisonous Vapours        Pois/Air       100%       N/A       1%          2
 Scorch                   Fire           100%       2d10      1%          2
 Searing Ray              Conj           100%       2d8       1%          2
 Call Canine Familiar     Summ           70%        N/A       1%          3
 Confusing Touch          Hex            54%        N/A       1%          3
 Dazzling Flash           Conj/Hex       100%       N/A       1%          3
 Gell's Gravitas          Tloc           56%        N/A       1%          3
 Kindle Blastsparks       Fire/Tloc/Air  100%       2d18      1%          3
 Ozocubu's Armour         Ice            60%        N/A       1%          3
 Stone Arrow              Conj/Erth      100%       3d13      1%          3
 Summon Guardian Golem    Hex/Summ       63%        N/A       1%          3
 Swiftness                Air            60%        N/A       1%          3
 Teleport Other           Tloc           56%        N/A       1%          3
 Tukima's Dance           Hex            54%        N/A       1%          3
 Vampiric Draining        Necr           100%       2d13      1%          3
 Airstrike                Air            30%        2d(5-21)  1%          4
 Anguish                  Hex/Necr       53%        N/A       1%          4
 Fulminant Prism          Conj/Hex       34%        3d15      1%          4
 Iskenderun's Mystic Bla  Conj/Tloc      68%        2d14      1%          4
 Petrify                  Tmut/Erth      68%        N/A       1%          4
 Summon Ice Beast         Ice/Summ       65%        N/A       1%          4
 Summon Lightning Spire   Summ/Air       65%        N/A       1%          4
 Agony                    Necr           100%       N/A       1%          5
 Iskenderun's Battlesphe  Conj           79%        2d13      1%          5
 Lightning Bolt           Conj/Air       35%        1d53      1%          5
 Cause Fear               Hex            27%        N/A       3%          4
 Summon Forest            Summ/Tloc      31%        N/A       3%          5
 Iron Shot                Conj/Erth      38%        9d8       3%          6
 Summon Mana Viper        Hex/Summ       63%        N/A       4%          5
 Olgreb's Toxic Radiance  Pois           47%        N/A       7%          4
 Metabolic Englaciation   Hex/Ice        28%        N/A       8%          5
 Silence                  Hex/Air        28%        N/A       8%          5
 Conjure Ball Lightning   Conj/Air       35%        3x3d11    9%          6
 Alistair's Intoxication  Tmut/Pois      36%        N/A       10%         5
 Spellforged Servitor     Conj/Summ      37%        N/A       26%         7
 Haunt                    Necr/Summ      57%        N/A       32%         7
 Monstrous Menagerie      Summ           35%        N/A       43%         7
 Summon Hydra             Summ           35%        N/A       43%         7
 Eringya's Noxious Bog    Tmut/Pois      27%        N/A       50%         6
 Malign Gateway           Summ/Tloc      31%        N/A       73%         7
 Ozocubu's Refrigeration  Ice            30%        4d14      86%         7
 Infestation              Necr           59%        N/A       86%         8
 Summon Horrible Things   Summ           35%        N/A       98%         8
 Discord                  Hex            27%        N/A       100%        8
 Disjunction              Tloc           28%        N/A       100%        8
 Ignition                 Fire           28%        3d9       100%        8
 Maxwell's Capacitive Co  Air            30%        ∞         100%        8
 Dragon's Call            Summ           35%        N/A       100%        9
 Sublimation of Blood     Necr           Unusable   N/A       N/A         2
 Spider Form              Tmut/Pois      Unusable   N/A       N/A         3
 Animate Dead             Necr           Unusable   N/A       N/A         4
 Simulacrum               Ice/Necr       Unusable   N/A       N/A         6
 Dragon Form              Tmut           Unusable   N/A       N/A         7
 Storm Form               Tmut/Air       Unusable   N/A       N/A         7

Dungeon Overview and Level Annotations

Branches:
Dungeon (15/15)            Temple (1/1) D:5            Lair (5/5) D:9
 Shoals (4/4) Lair:3       Spider (4/4) Lair:2        Slime (2/5) Lair:4
    Orc (2/2) D:12            Elf (3/3) Orc:2        Vaults (5/5) D:14
  Crypt (3/3) Vaults:3       Tomb (0/3) Crypt:3      Depths (4/4) D:15
    Zot (5/5) Depths:4      IceCv (visited)         Gauntlet (visited)

Altars:
Ashenzari
Cheibriados
Dithmenos
Fedhas
Gozag
Hepliaklqana
Kikubaaqudgha
Makhleb
Nemelex Xobeh
Okawaru
Qazlal
Ru
Sif Muna
Trog
Uskayaw
Vehumet
Wu Jian
Xom
Yredelemnul
Jiyva
Lugonu

Shops:
D:5 *?   D:15 =   Orc:2 !(?!   Elf:1 [   Elf:2 ?!   Shoals:4 (   Vaults:4 [
Depths:3 *

Portals:
Hell: Depths:1 Depths:2 Depths:3 Depths:4
Abyss: Depths:1 Depths:3
Pandemonium: Depths:2
Ziggurat: Depths:3

Annotations:
Shoals:4 1 runed translucent door, 2 exclusions, wingedge's ghost, journeyman MiFi
Spider:1 Roxanne
Elf:2 2 runed translucent doors
Vaults:1 exclusion: 2 doors
Vaults:2 3 runed translucent doors, exclusion: 3 doors, Vogeir's ghost, veteran HuIE
Crypt:3 36 runed doors, exclusion: 36 doors
Depths:4 1 exclusion, Parghit
Zot:4 4 transporters
Zot:5 3 exclusions


Innate Abilities, Weirdness & Mutations

You are immune to poison.
Your flesh is cold resistant. (rC+)
You are immune to negative energy. (rN+++)
You are immune to unholy pain and torment.
You are vulnerable to heat. (rF-)
You are strongly in touch with the powers of death.
You do not drink.
You have a special connection with the divine. (Faith)


Message History

Press: ? - help, Shift-Dir - straight line, f - Executioner
Aim: an Executioner (moderately wounded, fast, 100% to hit)
You feel a strong surge of power!
Zombie hands grab the Executioner.
Zombie hands grab the large abomination.
The zombie hands constrict the Executioner!
The zombie hands constrict the large abomination!
The Executioner hits you but does no damage. x2
You block the Executioner's attack. x3
The Executioner hits you but does no damage.
The Executioner hits you!
The Executioner hits you but does no damage.
The Executioner closely misses you.
The zombie hands constrict the Executioner!
The zombie hands constrict the large abomination!
The Executioner struggles to escape constriction. x2
The large abomination struggles to escape constriction.
The Executioner escapes!
The Executioner attacks as you move away!
You block the Executioner's attack. The Executioner misses you.
The Executioner hits you but does no damage.
The zombie hands constrict the large abomination.
The Executioner is distracted by your dazzling golden aura.
The large abomination struggles to escape constriction.
The zombie hands lose their grip on something.
There is an escape hatch in the ceiling here.
A mysterious force pulls you upwards. The hatch slams shut behind you.
There is an open door here.
Magic restored.
There is an open door here.
There is a stone staircase leading up here.
You fly upwards.
There is a stone staircase leading down here.
There is a stone staircase leading up here.
You fly upwards.
There is a stone staircase leading down here.
You see here a +0 club.
An Orb Guardian comes into view.
There is a staircase leading out of the dungeon here.
You have escaped!

...#####..##..........##
#.# ...# #..#...........#
#.# ...#
#.....≈≈≈.≈≈≈..##### #.#
...#
#....≈≈.....≈≈.....#####..
####
#...≈≈....8..≈≈..#.#......
#..≈≈.....).♣.≈≈.#...#.#†.
##.≈.....♣..[..≈.#........
#.≈..8.....♣..≈.#...#.#..
#.≈≈....@.8..≈≈.#.....[..
#..≈≈.......≈≈..#........
##..≈≈.....≈≈..##........
##..≈≈≈≈≈≈≈.X###........
##.........## #........
#####.....####........
#####.............
##############


You could see an Orb Guardian.

Vanquished Creatures
  Dissolution (Slime:2)
  2 dread liches
  Mara (Elf:3)
  A juggernaut (Depths:4)
  A Killer Klown (Zot:3)
  Boris (Depths:4)
  2 curse toes
  3 caustic shrikes (Depths:4)
  3 golden dragons
  4 bone dragons
  Arachne (Spider:3)
  3 doom hounds (Depths:4)
  2 Tzitzimimeh (Depths:4)
  6 tentacled monstrosities
  2 walking crystal tomes
  Grunn (Depths:4)
  Jorgrun (D:12)
  3 liches
  2 Orb Guardians
  A deep elf blademaster (Elf:3)
  4 quicksilver dragons
  A titan (Shoals:2)
  3 acid blobs
  8 ancient champions
  A deep elf master archer (Elf:3)
  3 death cobs
  4 sphinxes
  Donald (Orc:1)
  8 shadow dragons
  2 storm dragons
  7 tengu reavers
  An azure jelly (shapeshifter) (Depths:2)
  3 draconian knights
  2 revenants
  The ghost of holysushi the Spry, an adept OpMo of Gozag (Shoals:3)
  5 draconian monks
  An azure jelly (Slime:1)
  10 fire giants
  6 emperor scorpions (Spider:4)
  A draconian scorcher (Zot:4)
  2 balrugs
  5 deep elf sorcerers
  A caustic shrike zombie (Crypt:2)
  6 ghost moths
  9 vault wardens
  9 frost giants
  Louise (D:15)
  A curse skull (Crypt:3)
  12 ghouls
  2 deep elf elementalists (Elf:3)
  A draconian shifter (Zot:3)
  14 ironbound preservers
  4 draconian stormcallers
  5 war gargoyles
  An orc warlord (Orc:1)
  A quicksilver ooze (Slime:2)
  A reaper (Depths:4)
  2 draconian annihilators (Zot:3)
  43 very ugly things
  A juggernaut skeleton (Depths:3)
  4 caustic shrike skeletons (Crypt:3)
  3 broodmothers
  10 ironbound thunderhulks
  2 green draconians
  8 stone giants
  6 vampire knights
  A putrid mouth (Depths:4)
  4 deep elf demonologists
  A minotaur (Gauntlet)
  10 white draconians
  3 yellow draconians
  2 black draconians
  3 red draconians
  11 spark wasps
  9 deep elf annihilators
  3 purple draconians
  13 ettins
  21 dire elephants
  The ghost of Pooter the Cleaver, a journeyman DsBe of Trog (Orc:2)
  7 eidola
  6 deep elf death magi
  3 merfolk javelineers (Shoals:4)
  A mummy priest (Crypt:3)
  7 merfolk impalers
  Josephine (D:15)
  A spectral kraken (Shoals:3)
  10 fire dragons
  8 jiangshi
  11 yaktaur captains
  5 entropy weavers
  A spriggan zombie (Crypt:1)
  4 deep elf high priests
  6 great orbs of eyes
  8 ice dragons
  26 vault guards
  4 hydras
  A fenstrider witch zombie (Crypt:3)
  2 quicksilver dragon skeletons (Crypt:3)
  2 rakshasas
  5 merfolk avatars
  2 peacekeepers
  2 radroaches
  6 centaur warriors
  2 spriggan air magi
  12 ironbound frosthearts
  2 fenstrider witch skeletons
  6 boulder beetles
  3 spriggan skeletons
  4 merfolk aquamancers (Shoals:4)
  4 ogre magi
  11 dancing weapons
  4 catoblepae
  A two-headed ogre (shapeshifter) (Vaults:5)
  4 satyrs
  13 two-headed ogres
  4 tengu warriors
  7 death yaks
  2 alligator snapping turtles (Shoals:4)
  10 deep troll shamans
  A titan zombie (Vaults:5)
  5 hell hogs
  7 deep troll earth magi
  4 soul eaters
  11 hell knights
  12 spriggan berserkers
  10 vampire magi
  5 sun demons
  6 titan skeletons (Crypt:3)
  A storm dragon zombie (Depths:3)
  Sonja (D:10)
  2 shadow wraiths
  15 deep elf knights
  5 pharaoh ants
  A spark wasp zombie (Depths:3)
  5 iron trolls
  9 orb spiders
  2 anaconda zombies
  8 glowing orange brains
  39 skeletal warriors
  56 deep trolls
  A shadow demon (Depths:3)
  11 sea snakes
  An orange crystal statue (IceCv)
  A ghost moth zombie (Crypt:3)
  5 flayed ghosts
  21 ironbound convokers
  3 bog bodies
  4 wizards
  2 lindwurms (Vaults:2)
  A shadow dragon zombie (Crypt:1)
  A bunyip skeleton (Crypt:3)
  5 phantasmal warriors
  An iron giant skeleton (Crypt:2)
  13 necromancers
  A wolf spider zombie (Crypt:3)
  12 harpies
  34 deep elf pyromancers
  4 steelbarb worms (Spider:4)
  2 orc knights (Orc:1)
  10 deep elf zephyrmancers
  A tengu skeleton (Vaults:1)
  13 manticores
  41 ugly things
  3 human zombies
  13 wolf spiders
  12 deep elf archers
  A frost giant zombie (Crypt:3)
  11 fauns
  An iron dragon zombie (Crypt:1)
  A salamander (Depths:3)
  5 moths of wrath
  A shining eye (shapeshifter) (Vaults:5)
  9 cyclopes
  4 orc sorcerers
  A dire elephant zombie (Crypt:2)
  15 merfolk sirens
  An elf zombie (Vaults:5)
  6 black mambas
  4 stone giant skeletons
  A centaur zombie (Crypt:3)
  An iron dragon skeleton (Crypt:3)
  Joseph (D:7)
  8 demonic crawlers
  A fire giant skeleton (Crypt:3)
  2 water nymphs
  5 torpor snails
  5 smoke demons (Depths:2)
  13 vault sentinels
  18 elephants
  A gargoyle (D:14)
  A dire elephant skeleton (Crypt:3)
  An orange demon (D:4)
  A centaur skeleton (Crypt:3)
  9 cane toads
  An alligator snapping turtle zombie (Crypt:2)
  2 yaktaur zombies
  2 spectral sea snakes (Shoals:3)
  9 komodo dragons
  2 efreet (D:13)
  20 rime drakes
  An alligator snapping turtle skeleton (Crypt:3)
  An iron troll zombie (Crypt:1)
  2 freezing wraiths
  11 yaktaurs
  An elf skeleton (Vaults:1)
  An ice devil (Depths:2)
  2 tormentors (Depths:4)
  A yaktaur (shapeshifter) (Elf:2)
  6 guardian mummies (Crypt:3)
  15 trolls
  A bunyip simulacrum (Crypt:2)
  A mana viper zombie (Crypt:1)
  3 tengu conjurers
  23 merfolk
  3 meliai (D:13)
  9 wind drakes
  2 harpy skeletons (Crypt:3)
  17 hornets
  29 polar bears
  20 tarantellas
  15 dream sheep
  A deep troll zombie (Vaults:1)
  15 snapping turtles
  A fire dragon zombie (Crypt:2)
  45 slime creatures
  A culicivora (shapeshifter) (D:14)
  4 flying skulls (Crypt:1)
  15 water elementals
  A fire dragon skeleton (Crypt:3)
  20 jumping spiders
  18 spriggans
  5 air elementals
  2 vampires
  39 yaks
  A shadow (D:12)
  11 wraiths
  20 culicivoras
  A hog (shapeshifter) (D:15)
  4 ettin skeletons
  3 wyverns
  A steam dragon (D:7)
  42 redbacks
  2 basilisks
  A neqoxec (Gauntlet)
  8 vampire mosquitoes
  5 chaos spawn
  15 fire elementals
  A naga zombie (Crypt:3)
  A water nymph zombie (Crypt:1)
  5 wargs
  A glowing shapeshifter zombie (Vaults:2)
  12 water moccasins
  2 human simulacra
  4 acid dragons
  A floating eye (shapeshifter) (D:14)
  A spectral snapping turtle (Shoals:3)
  2 floating eyes
  17 orc warriors
  A black bear (Lair:5)
  3 sky beasts
  A blink frog zombie (Crypt:2)
  14 boggarts
  An ettin simulacrum (Crypt:1)
  28 ogres
  27 wolves
  9 centaurs
  An elephant skeleton (Crypt:3)
  3 phantoms
  2 kobold brigands
  10 bullfrogs
  7 necrophages
  An earth elemental (Elf:1)
  A gnoll sergeant (D:12)
  A water moccasin zombie (Crypt:1)
  A scorpion (D:5)
  A wyvern skeleton (Crypt:3)
  24 wights
  A warg skeleton (Crypt:2)
  A troll zombie (Crypt:2)
  A queen bee zombie (Crypt:2)
  14 killer bees
  8 howler monkeys
  A yak skeleton (Crypt:2)
  2 electric eels (Lair:4)
  6 jellies
  7 orc priests
  A gnoll bouda (D:5)
  4 hounds
  7 iguanas
  17 orc wizards
  11 hell rats (Lair:5)
  Robin (D:4)
  10 gnolls
  8 adders
  4 white imps
  3 worms
  6 dart slugs
  53 orcs
  3 bats
  A bat skeleton (Crypt:2)
  An endoplasm (D:1)
  4 giant cockroaches
  11 goblins
  19 hobgoblins
  12 jackals (D:1)
  6 quokkas
  7 ball pythons
  A frilled lizard (D:2)
  A jackal zombie (Crypt:3)
  9 kobolds
  3 rats
  2 fire vortices (Depths:2)
2026 creatures vanquished.

Vanquished Creatures (collateral kills)
  A dread lich (Vaults:5)
  An electric golem (Zot:5)
  A tentacled monstrosity (Vaults:5)
  6 Orb Guardians (Zot:5)
  A Hell Sentinel (Depths:4)
  A titan (Vaults:5)
  2 storm dragons
  A deep elf elementalist (Elf:3)
  A vault warden (Vaults:5)
  2 ironbound preservers (Vaults:5)
  3 very ugly things (Vaults:5)
  3 war gargoyles (Vaults:5)
  A stone giant (Vaults:5)
  A deep elf annihilator (Vaults:5)
  An ettin (Vaults:5)
  A merfolk impaler (Shoals:3)
  An entropy weaver (Vaults:5)
  2 deep elf high priests (Vaults:5)
  A yaktaur captain (Vaults:5)
  7 vault guards (Vaults:5)
  An ogre mage (Vaults:5)
  2 hell knights (Vaults:5)
  2 deep trolls (Vaults:5)
  A phantasmal warrior (Vaults:5)
  A steelbarb worm (Spider:2)
  3 ironbound convokers (Vaults:5)
  A necromancer (Vaults:5)
  2 wolf spiders
  2 orc knights (Vaults:5)
  A vault sentinel (Vaults:5)
  A merfolk (Shoals:4)
  A raiju (shapeshifter) (Vaults:5)
  2 jumping spiders (Spider:1)
  A culicivora (Spider:1)
  A warg (Vaults:5)
  A redback (Spider:2)
  An orc warrior (Vaults:5)
  An orc priest (Vaults:5)
  2 orcs (Vaults:5)
65 creatures vanquished.

Vanquished Creatures (others)
  A dread lich (Vaults:5)
  An ancient lich (Zot:5)
  A Killer Klown (Zot:5)
  A pandemonium lord (Zot:5)
  A golden dragon (Zot:5)
  An electric golem (Zot:5)
  3 tentacled monstrosities
  7 Orb Guardians (Zot:5)
  3 titans (Vaults:5)
  A sphinx (Vaults:5)
  A storm dragon (Zot:5)
  A fire giant (Vaults:5)
  3 tengu reavers (Vaults:5)
  A frost giant (Vaults:5)
  2 vault wardens (Vaults:5)
  A deep elf annihilator (Vaults:5)
  A merfolk javelineer (Shoals:4)
  9 vault guards (Vaults:5)
  A deep troll earth mage (Vaults:5)
  3 deep elf knights
  A deep troll (Vaults:5)
  A deep elf archer (Elf:2)
  A necromancer (Vaults:5)
  An orc sorcerer (Vaults:5)
  2 deep elf zephyrmancers (Elf:2)
  2 ugly things (Vaults:5)
  An orc knight (Vaults:5)
  A vault sentinel (Vaults:5)
  A hellwing (Zot:5)
  A water elemental (Elf:1)
  2 iron imps (Gauntlet)
  4 orcs
  18 ball lightnings (Elf:1)
  A butterfly (D:7)
  31 fungi
  142 plants
  4 tentacles (Shoals:3)
  16 withered plants (Gauntlet)
273 creatures vanquished.

Grand Total: 2364 creatures vanquished

Notes
Turn   | Place    | Note
-------+----------+-------------------------------------------
     0 | D:1      | themarg the Mummy Cinder Acolyte began the quest for the
                  | Orb.
     0 | D:1      | Reached XP level 1. HP: 18/18 MP: 2/2
    83 | D:1      | Reached XP level 2. HP: 24/24 MP: 4/4
    87 | D:1      | Learned a level 2 spell: Scorch
   171 | D:1      | Found a faded altar of an unknown god.
   187 | D:1      | Reached skill level 2 in Spellcasting
   364 | D:1      | Reached skill level 1 in Stealth
   788 | D:1      | Gained mutation: You are in touch with the powers of death.
                  | [Mummy growth]
   788 | D:1      | Reached XP level 3. HP: 26/29 MP: 0/6
  2420 | D:3      | Reached XP level 4. HP: 35/35 MP: 4/7
  3081 | D:3      | Noticed a phantom
  3109 | D:3      | Killed a phantom
  3110 | D:3      | Reached XP level 5. HP: 39/41 MP: 0/8
  3327 | D:3      | Found a sacrificial altar of Ru.
  3546 | D:4      | Noticed a centaur
  3844 | D:4      | Killed a centaur
  3845 | D:4      | Reached skill level 3 in Spellcasting
  3845 | D:4      | Reached skill level 5 in Fire Magic
  3845 | D:4      | Reached XP level 6. HP: 44/47 MP: 0/10
  4562 | D:3      | Reached XP level 7. HP: 45/52 MP: 4/11
  5345 | D:4      | Noticed Robin
  5350 | D:4      | Killed Robin
  5501 | D:4      | Reached skill level 5 in Fighting
  5586 | D:4      | Reached skill level 1 in Dodging
  5862 | D:5      | Entered Level 5 of the Dungeon
  5862 | D:5      | Found Saegiropha's Magic Scroll Shoppe.
  5870 | D:5      | Bought a scroll of blinking for 97 gold pieces
  5870 | D:5      | Bought a scroll of silence for 123 gold pieces
  5870 | D:5      | Bought a scroll of identify for 26 gold pieces
  5972 | D:5      | Reached skill level 1 in Throwing
  6024 | D:5      | Reached XP level 8. HP: 62/62 MP: 8/12
  6121 | D:5      | Reached skill level 4 in Spellcasting
  6144 | D:5      | Found a staircase to the Ecumenical Temple.
  6214 | D:5      | Reached skill level 5 in Spellcasting
  6505 | D:5      | Found a radiant altar of Vehumet.
  6582 | D:5      | Found Cosch's Assorted Antiques.
  6730 | Temple   | Entered the Ecumenical Temple
  6907 | D:5      | Found a sparkling altar of Nemelex Xobeh.
  7268 | D:6      | Found a basalt altar of Yredelemnul.
  7268 | D:6      | Found a hazy altar of Hepliaklqana.
  7268 | D:6      | Found a broken altar of Ashenzari.
  7268 | D:6      | Found a shadowy altar of Dithmenos.
  7268 | D:6      | Found a hide-covered altar of Uskayaw.
  7603 | D:6      | Learned a level 1 spell: Apportation
  7697 | D:6      | Found an opulent altar of Gozag.
  8177 | D:6      | Reached skill level 1 in Translocations
  8177 | D:6      | Reached skill level 1 in Transmutations
  8177 | D:6      | Reached skill level 1 in Poison Magic
  8959 | D:6      | Learned a level 3 spell: Ignite Poison
  9057 | D:5      | Bought a scroll of teleportation for 39 gold pieces
  9057 | D:5      | Bought a scroll of identify for 26 gold pieces
  9139 | D:7      | Noticed Joseph
  9144 | D:6      | Reached XP level 9. HP: 72/72 MP: 10/16
  9369 | D:7      | Killed Joseph
  9572 | D:7      | Reached skill level 1 in Conjurations
  9749 | D:7      | Found a broken altar of Ashenzari.
  9751 | D:7      | Found a broken altar of Ashenzari.
  9751 | D:7      | Found a shimmering altar of Xom.
  9753 | D:7      | Found an ornate altar of the Wu Jian Council.
  9753 | D:7      | Found a snail-covered altar of Cheibriados.
  9753 | D:7      | Found an ancient bone altar of Kikubaaqudgha.
 10172 | D:8      | Found an ancient bone altar of Kikubaaqudgha.
 10350 | D:8      | Reached skill level 1 in Air Magic
 11029 | D:9      | Reached XP level 10. HP: 75/79 MP: 17/17
 11096 | D:9      | Reached skill level 1 in Ice Magic
 11474 | D:9      | Reached skill level 1 in Evocations
 11751 | D:9      | Found a staircase to the Lair.
 11806 | D:9      | Reached skill level 5 in Conjurations
 11935 | D:10     | Entered Level 10 of the Dungeon
 11960 | D:10     | Found a portal to a secret trove of treasure.
 12207 | D:10     | Noticed Sonja
 12344 | D:9      | Learned a level 5 spell: Freezing Cloud
 12345 | Lair:1   | Entered Level 1 of the Lair of Beasts
 12500 | Lair:1   | Reached skill level 5 in Ice Magic
 12682 | Lair:1   | Reached XP level 11. HP: 84/84 MP: 12/18
 13104 | Lair:1   | Reached skill level 5 in Air Magic
 13565 | Lair:1   | Reached skill level 6 in Spellcasting
 14105 | Lair:1   | Identified the +9 war axe of Kiri {freeze, *Slow Fly rPois
                  | SInv}
 14418 | D:5      | Bought a scroll of identify for 62 gold pieces
 14785 | Lair:2   | Reached skill level 7 in Spellcasting
 14840 | Lair:2   | Found a stormy altar of Qazlal.
 14849 | Lair:2   | Found the +4 skin of Zhor {*Englaciate rC+++ SInv}
 15223 | Lair:2   | Reached skill level 5 in Dodging
 15814 | Lair:2   | Found a hole to the Spider Nest.
 16141 | Lair:3   | Reached XP level 12. HP: 70/91 MP: 15/22
 16755 | Lair:3   | Learned a level 4 spell: Passage of Golubria
 16800 | Lair:3   | Found a staircase to the Shoals.
 17060 | Lair:3   | Noticed a catoblepas
 17072 | Lair:3   | Killed a catoblepas
 17254 | Lair:3   | Reached skill level 5 in Translocations
 17698 | Lair:4   | Identified the +8 hand axe "Delaodel" {venom, rF+}
 17797 | Lair:4   | Reached skill level 8 in Spellcasting
 18476 | Lair:4   | Found a staircase to the Slime Pits.
 18476 | Lair:4   | Found a viscous altar of Jiyva.
 18918 | Lair:4   | Found a staircase to the Slime Pits.
 18919 | Lair:4   | Found a viscous altar of Jiyva.
 19761 | Lair:4   | Found a viscous altar of Jiyva.
 19764 | Lair:4   | Found a staircase to the Slime Pits.
 20271 | Lair:5   | Entered Level 5 of the Lair of Beasts
 20465 | Lair:5   | Noticed an eight-headed hydra
 20877 | Lair:5   | Gained mutation: You are strongly in touch with the powers
                  | of death. [Mummy growth]
 20877 | Lair:5   | Reached XP level 13. HP: 96/96 MP: 19/25
 20885 | Lair:5   | Learned a level 5 spell: Irradiate
 21126 | Lair:5   | Reached skill level 5 in Transmutations
 21428 | Lair:5   | Reached skill level 9 in Spellcasting
 22626 | Lair:5   | Reached skill level 10 in Fighting
 24777 | D:11     | Found a gate leading to a gauntlet.
 24782 | Gauntlet | Entered a Gauntlet
 24782 | Gauntlet | Found a transporter.
 24782 | Gauntlet | Found a large runed translucent door.
 24782 | Gauntlet | Found a large runed translucent door.
 24782 | Gauntlet | Found a large runed translucent door.
 24782 | Gauntlet | Found a large runed translucent door.
 24782 | Gauntlet | Found a runed translucent door.
 24782 | Gauntlet | Found a runed translucent door.
 24782 | Gauntlet | Found a large runed translucent door.
 24782 | Gauntlet | Found a large runed translucent door.
 24782 | Gauntlet | Found a large runed translucent door.
 24782 | Gauntlet | Found a large runed translucent door.
 24782 | Gauntlet | Found a large runed translucent door.
 24782 | Gauntlet | Found a large runed translucent door.
 24783 | Gauntlet | Found a large runed translucent door.
 24783 | Gauntlet | Found a large runed translucent door.
 24791 | Gauntlet | Found a transporter.
 24806 | Gauntlet | Found a transporter.
 24811 | Gauntlet | Found a transporter.
 24826 | Gauntlet | Found a transporter.
 24845 | Gauntlet | Found a transporter.
 24856 | Gauntlet | Noticed a reaper
 24857 | Gauntlet | Found a transporter.
 24866 | Gauntlet | Found a transporter.
 24881 | Gauntlet | Found a transporter.
 24893 | Gauntlet | Found a transporter.
 24910 | Gauntlet | Found a transporter.
 24928 | Gauntlet | Found a transporter.
 24930 | Gauntlet | Found a transporter.
 24948 | Gauntlet | Found a large runed translucent door.
 24949 | Gauntlet | Found a large runed translucent door.
 24953 | Gauntlet | Found a runed translucent gate.
 24953 | Gauntlet | Found a runed translucent gate.
 24953 | Gauntlet | Found a runed translucent gate.
 24955 | Gauntlet | Found a transporter.
 24957 | Gauntlet | Found a transporter.
 24963 | Gauntlet | Found a large runed translucent door.
 24964 | Gauntlet | Found a large runed translucent door.
 24977 | Gauntlet | Found a transporter.
 25055 | Gauntlet | Found a transporter.
 25075 | Gauntlet | Found a transporter.
 25272 | Gauntlet | Identified the +0 pair of boots "Fafoug" {Rampage Will++}
 25339 | Gauntlet | Reached XP level 14. HP: 87/110 MP: 10/27
 25384 | Gauntlet | Identified the ring of the Scarab {rElec rCorr Dex+2 SInv}
 25612 | D:11     | Upgraded the game from 0.30-a0-737-gf23d94013f to
                  | 0.30-a0-739-gea05faddec
 25752 | D:11     | Found an opulent altar of Gozag.
 26149 | D:11     | Reached skill level 1 in Hexes
 26880 | D:12     | Noticed Jorgrun
 26891 | D:12     | Killed Jorgrun
 27102 | D:12     | Found a staircase to the Orcish Mines.
 27678 | D:12     | Reached skill level 1 in Shields
 27718 | D:12     | Learned a level 5 spell: Yara's Violent Unravelling
 28269 | Orc:1    | Entered Level 1 of the Orcish Mines
 28269 | Orc:1    | Noticed an orc warlord
 28336 | Orc:1    | Killed an orc warlord
 28813 | Orc:2    | Entered Level 2 of the Orcish Mines
 28813 | Orc:2    | Noticed Donald
 28839 | Orc:1    | Killed Donald
 28986 | Orc:1    | Reached skill level 5 in Hexes
 29595 | Orc:2    | Found Vasmuecu's Magic Scroll Shoppe.
 29878 | Orc:2    | Reached skill level 5 in Shields
 29878 | Orc:2    | Reached skill level 1 in Necromancy
 30629 | Orc:2    | Noticed Nessos
 30630 | Orc:2    | Nessos changed into Nessos the giant cockroach
 30630 | Orc:2    | Noticed Nessos
 30631 | Orc:2    | Killed Nessos the giant cockroach
 30643 | Orc:2    | Reached skill level 5 in Necromancy
 30654 | Orc:2    | Reached skill level 1 in Earth Magic
 30798 | Orc:2    | Found a staircase to the Elven Halls.
 30889 | Orc:2    | Found Lantef's Distillery.
 30891 | Orc:2    | Found Denosch's Weapon Boutique.
 30899 | Orc:2    | Found a runed translucent door.
 30900 | Orc:2    | Found Ceyss's Distillery.
 30900 | Orc:2    | Noticed Pooter's ghost (journeyman DsBe)
 31070 | Orc:2    | Bought a scroll of summoning for 152 gold pieces
 31070 | Orc:2    | Bought a scroll of enchant weapon for 120 gold pieces
 31070 | Orc:2    | Bought a scroll of identify for 32 gold pieces
 31235 | Orc:2    | Killed Pooter's ghost
 31494 | D:13     | Reached XP level 15. HP: 57/115 MP: 12/28
 32289 | D:13     | Identified the +1 ring mail of the Powerful God {Will+
                  | Int+3}
 32506 | D:13     | Learned a level 5 spell: Borgnjor's Vile Clutch
 32632 | D:14     | Noticed a shadow dragon
 32717 | D:11     | Fell from the grace of Ignis
 32717 | D:11     | Became a worshipper of Gozag Ym Sagoz the Greedy
 33015 | D:14     | Noticed a fire giant
 33295 | Shoals:1 | Entered Level 1 of the Shoals
 33323 | Shoals:1 | Reached skill level 5 in Earth Magic
 33549 | Shoals:1 | Found a frozen archway.
 33618 | IceCv    | Entered an ice cave
 35318 | IceCv    | Noticed a frost giant
 35318 | IceCv    | Noticed a frost giant
 35324 | IceCv    | Killed a frost giant
 35324 | IceCv    | Killed a frost giant
 35325 | IceCv    | Reached skill level 10 in Necromancy
 35516 | IceCv    | Identified the +3 great sword of Insomnia {freeze, rElec
                  | Dex+2}
 35989 | Shoals:1 | Reached skill level 10 in Spellcasting
 36644 | Shoals:2 | Identified a scroll of acquirement
 36660 | Shoals:2 | Acquired 1007 gold pieces
 36722 | Shoals:2 | Reached XP level 16. HP: 108/122 MP: 12/30
 36807 | Shoals:2 | You fall into a shaft and drop 1 floor!
 36889 | Shoals:3 | Noticed holysushi's ghost (adept OpMo)
 36892 | Shoals:3 | Identified the ring "Qicwun" {Fire Fly Will+ Str-2 Dex+4}
 36931 | Shoals:3 | Found a transporter.
 36932 | Shoals:3 | Found a transporter.
 37348 | Shoals:2 | Noticed a titan
 38068 | Shoals:2 | You fall into a shaft and drop 1 floor!
 38068 | Shoals:3 | Was forgiven by Ignis
 38306 | Shoals:2 | Killed a titan
 38821 | Spider:1 | Entered Level 1 of the Spider Nest
 39686 | Lair:2   | Learned a level 6 spell: Death Channel
 40096 | Spider:1 | Noticed Roxanne
 41031 | Spider:1 | Reached skill level 11 in Spellcasting
 41045 | Spider:1 | Reached skill level 10 in Shields
 43258 | Spider:3 | Noticed Arachne
 43337 | Spider:3 | Killed Arachne
 44053 | Spider:3 | Reached XP level 17. HP: 108/128 MP: 27/32
 44519 | Spider:4 | Entered Level 4 of the Spider Nest
 46928 | Spider:4 | Identified the +3 hat of the Imp {Regen+ Dex+5}
 46988 | Spider:4 | Got a gossamer rune of Zot
 47443 | Shoals:3 | Reached skill level 12 in Spellcasting
 47685 | Shoals:3 | Reached skill level 1 in Armour
 48365 | Shoals:4 | Entered Level 4 of the Shoals
 48824 | Shoals:4 | Found Sadyligi's Weapon Emporium.
 49503 | Shoals:4 | Found a runed translucent door.
 49503 | Shoals:4 | Found a shimmering altar of Xom.
 49503 | Shoals:4 | Noticed wingedge's ghost (journeyman MiFi)
 49503 | Shoals:4 | Identified the +8 demon trident of Innocence {chaos, rPois
                  | Int+3}
 50164 | Shoals:4 | Got a barnacled rune of Zot
 51133 | Shoals:4 | Reached skill level 5 in Evocations
 51149 | Shoals:4 | Reached XP level 18. HP: 129/134 MP: 19/34
 51218 | Shoals:4 | Identified the +1 great mace of the Harvest {venom, Str+3}
 51626 | Shoals:3 | Killed holysushi's ghost
 52388 | D:10     | Found a portal to a secret trove of treasure.
 52519 | D:10     | Killed Sonja
 54264 | D:14     | Found a gate to the Vaults.
 54577 | D:14     | Learned a level 5 spell: Lee's Rapid Deconstruction
 54595 | D:15     | Entered Level 15 of the Dungeon
 55083 | D:15     | Noticed Louise
 55094 | D:15     | Killed Louise
 55415 | D:15     | Found a staircase to the Depths.
 56321 | D:15     | Acquired a book of Power
 56505 | D:15     | Noticed Josephine
 56799 | D:15     | Killed Josephine
 56958 | D:15     | Found Seoleliz's Jewellery Emporium.
 57221 | Elf:1    | Entered Level 1 of the Elven Halls
 57743 | Elf:1    | Paralysed by an air elemental for 1 turns
 57786 | Elf:1    | Found Momm's Antique Armour Boutique.
 58334 | Elf:1    | Identified the +7 dagger "Moudduwk" {vamp, Str+3 Int+5}
 59494 | Elf:2    | Found a runed translucent door.
 59523 | Elf:2    | Found a runed translucent door.
 59645 | Elf:2    | Found Kibimn's Magic Scroll Emporium.
 59648 | Elf:2    | Paralysed by an air elemental for 1 turns
 59776 | Elf:2    | Found Fohu Vedetu's Distillery.
 60200 | Elf:2    | Reached XP level 19. HP: 132/142 MP: 20/35
 60360 | Elf:2    | Identified the +4 trident "Rorrodghegg" {pain, MP+9}
 61275 | Vaults:1 | Entered Level 1 of the Vaults
 62979 | D:14     | Upgraded the game from 0.30-a0-739-gea05faddec to
                  | 0.30-a0-743-gbfdf073431
 63109 | Elf:3    | Entered Level 3 of the Elven Halls
 63697 | Elf:3    | Reached skill level 15 in Shields
 63911 | Elf:3    | Found a shimmering altar of Xom.
 64333 | Elf:3    | Reached skill level 10 in Earth Magic
 64615 | Elf:3    | Noticed Mara
 64621 | Elf:3    | Noticed themarg's illusion
 64908 | Elf:3    | Killed Mara
 64909 | Elf:3    | Reached skill level 13 in Spellcasting
 65111 | Elf:3    | Identified the +6 morningstar of Impatience {spect, Drain
                  | rCorr Int+7}
 65111 | Elf:3    | Identified the ring "Hadwigg" {rF+ Will+ Int+2 Dex+2}
 65706 | Elf:3    | Paralysed by an air elemental for 1 turns
 65767 | Elf:3    | Identified the +6 spear "Hexkiupt" {freeze, rElec rF++
                  | SInv}
 66904 | D:10     | You paid a toll of 5 scrolls of fear to enter a treasure
                  | trove
 66905 | Trove    | Entered a treasure trove
 66919 | Trove    | Identified the ring "Qabboqiesi" {Str-2 Slay+6 SInv}
 66921 | Trove    | Identified the ring of the Battered Hells {rPois rCorr
                  | Int+4 Slay+4}
 66923 | Trove    | Identified the ring of the Empire {Fly Int+6}
 66925 | Trove    | Identified the ring "Lykkoe" {rF+ rC+ Str+3 SInv Stlth+}
 67159 | Vaults:1 | Reached skill level 14 in Spellcasting
 67403 | Vaults:1 | Got the Codex of the Shot and Heat
 68633 | Vaults:2 | Reached XP level 20. HP: 110/148 MP: 19/38
 68787 | Vaults:2 | Reached skill level 15 in Spellcasting
 68804 | Vaults:2 | Reached skill level 5 in Armour
 69009 | Vaults:2 | Found a runed translucent gate.
 69009 | Vaults:2 | Found a runed translucent gate.
 69009 | Vaults:2 | Found a runed translucent gate.
 69010 | Vaults:2 | Noticed Vogeir's ghost (veteran HuIE)
 70808 | Vaults:3 | Found a staircase to the Crypt.
 72435 | Vaults:4 | Found Itinab's Antique Armour Boutique.
 72663 | Vaults:4 | Reached XP level 21. HP: 154/154 MP: 12/40
 72801 | Vaults:4 | Reached skill level 10 in Armour
 73321 | Crypt:1  | Entered Level 1 of the Crypt
 73615 | Crypt:1  | Paralysed by a vampire knight for 4 turns
 74279 | Crypt:1  | Learned a level 4 spell: Dispel Undead
 75769 | Crypt:2  | Reached skill level 10 in Conjurations
 76314 | Crypt:3  | Entered Level 3 of the Crypt
 76319 | Crypt:3  | Identified the +2 robe of Tuhohinu {Rampage Fly Will++
                  | Int-2}
 76330 | Crypt:3  | Noticed a dread lich
 76640 | Crypt:3  | Paralysed by a dread lich for 4 turns
 76657 | Crypt:2  | Killed a dread lich
 77072 | Crypt:3  | Noticed a curse toe
 77078 | Crypt:3  | Killed a curse toe
 77448 | Crypt:3  | Reached XP level 22. HP: 167/167 MP: 30/41
 77528 | Crypt:3  | Reached skill level 10 in Dodging
 77883 | Crypt:3  | Found a staircase to the Tomb.
 77920 | Crypt:3  | Found a huge runed gate.
 77921 | Crypt:3  | Found a huge runed gate.
 77921 | Crypt:3  | Found a huge runed gate.
 77921 | Crypt:3  | Found a huge runed gate.
 77924 | Crypt:3  | Found a huge runed gate.
 77924 | Crypt:3  | Found a huge runed gate.
 77924 | Crypt:3  | Found a huge runed gate.
 77924 | Crypt:3  | Found a huge runed gate.
 77924 | Crypt:3  | Found a huge runed gate.
 77925 | Crypt:3  | Found a huge runed gate.
 77930 | Crypt:3  | Found a huge runed gate.
 77951 | Crypt:3  | Found a huge runed gate.
 77952 | Crypt:3  | Found a huge runed gate.
 77953 | Crypt:3  | Found a huge runed gate.
 77960 | Crypt:3  | Found a huge runed gate.
 77960 | Crypt:3  | Found a huge runed gate.
 77961 | Crypt:3  | Found a huge runed gate.
 77962 | Crypt:3  | Found a huge runed gate.
 77963 | Crypt:3  | Found a huge runed gate.
 77981 | Crypt:3  | Found a huge runed gate.
 77982 | Crypt:3  | Found a huge runed gate.
 77983 | Crypt:3  | Found a huge runed gate.
 77984 | Crypt:3  | Found a huge runed gate.
 77985 | Crypt:3  | Found a huge runed gate.
 77986 | Crypt:3  | Found a huge runed gate.
 77987 | Crypt:3  | Found a huge runed gate.
 77988 | Crypt:3  | Found a huge runed gate.
 77989 | Crypt:3  | Found a huge runed gate.
 77999 | Crypt:3  | Found a huge runed gate.
 77999 | Crypt:3  | Found a huge runed gate.
 77999 | Crypt:3  | Found a huge runed gate.
 77999 | Crypt:3  | Found a huge runed gate.
 77999 | Crypt:3  | Found a huge runed gate.
 77999 | Crypt:3  | Found a huge runed gate.
 78000 | Crypt:3  | Found a huge runed gate.
 78001 | Crypt:3  | Found a huge runed gate.
 78371 | Crypt:3  | Noticed a dread lich
 78381 | Crypt:3  | Killed a dread lich
 78827 | Crypt:3  | Identified the +1 pair of gloves of Kaileck {Regen+ Str+3}
 78897 | Crypt:3  | Identified the ring "Peirongi" {rElec rF+ Int+6}
 78917 | Crypt:3  | Identified the +1 chain mail of Watchfulness {Fly rPois
                  | Int+3 Stlth+}
 79263 | Depths:1 | Entered Level 1 of the Depths
 79306 | Depths:1 | Found a blossoming altar of Fedhas.
 79818 | Depths:1 | Reached skill level 15 in Fighting
 80186 | Depths:1 | You are sucked into a shaft and drop 1 floor!
 80826 | Depths:1 | Found a gateway to Hell.
 80958 | Depths:1 | Found a one-way gate to the infinite horrors of the Abyss.
 81517 | Depths:2 | Reached skill level 16 in Spellcasting
 82166 | Depths:2 | Found a one-way gate leading to the halls of Pandemonium.
 82471 | Depths:3 | Found a one-way gateway to a ziggurat.
 82485 | Depths:3 | Noticed a golden dragon
 82501 | Depths:3 | Killed a golden dragon
 82728 | Depths:3 | Identified the amulet "Caor" {Faith rF+}
 82899 | Depths:3 | Reached skill level 17 in Spellcasting
 82988 | Depths:3 | Reached XP level 23. HP: 181/181 MP: 16/44
 83312 | Depths:3 | Found a corrupted altar of Lugonu.
 84137 | Depths:3 | Found Big Baal Hell's Store.
 84931 | Depths:4 | Entered Level 4 of the Depths
 85423 | Depths:4 | Found a gate to the Realm of Zot.
 85433 | Depths:4 | Noticed Parghit
 85455 | Depths:4 | Noticed Boris
 85556 | Depths:4 | Noticed a caustic shrike
 85558 | Depths:4 | Noticed a caustic shrike
 85570 | Depths:4 | Noticed a juggernaut
 85571 | Depths:4 | Noticed a caustic shrike
 85588 | Depths:4 | Killed a caustic shrike
 85588 | Depths:4 | Killed a caustic shrike
 85600 | Depths:4 | Killed a caustic shrike
 85600 | Depths:4 | Killed a juggernaut
 85677 | Depths:4 | Paralysed by a floating eye for 4 turns
 85750 | Depths:4 | Reached skill level 15 in Dodging
 85754 | Depths:4 | Noticed Grunn
 86625 | Depths:4 | Killed Grunn
 86708 | Depths:4 | Reached XP level 24. HP: 96/188 MP: 5/44
 86835 | Depths:4 | Found an iron altar of Okawaru.
 87079 | Depths:4 | Killed Boris
 87080 | Depths:4 | Reached skill level 1 in Summonings
 87748 | Slime:1  | Entered Level 1 of the Pits of Slime
 87784 | Slime:2  | Noticed Dissolution
 87794 | Slime:2  | Killed Dissolution
 87895 | Slime:2  | Reached skill level 5 in Summonings
 88432 | Vaults:5 | Entered Level 5 of the Vaults
 88689 | Vaults:5 | Identified the +6 mace "Zaybi" {drain, rCorr Str+4 Int+5}
 88826 | Vaults:5 | Noticed a dread lich
 89099 | Vaults:5 | Noticed a dread lich
 89099 | Vaults:5 | Killed a dread lich
 89102 | Vaults:5 | Identified the +2 short sword of the Spheres {freeze, rCorr
                  | MP+9}
 89128 | Vaults:5 | Killed a dread lich
 90030 | Vaults:5 | Identified the +1 pair of boots of the Jabberwock {+Inv rC+
                  | Will+}
 90032 | Vaults:5 | Got a silver rune of Zot
 90055 | Vaults:5 | Identified the ring of Plog {Will+ rCorr Str-2 Dex+5
                  | Stlth+}
 90142 | Vaults:5 | Identified the +0 pair of gloves "Wisetis" {rElec rF+++
                  | rCorr Dex-2}
 90252 | Vaults:5 | Identified the ring "Fipenil" {Fly Will+}
 90442 | Vaults:5 | Identified the +3 plate armour of Juvawk {Regen+ Int+3
                  | Stlth-}
 91562 | Zot:1    | Entered Level 1 of the Realm of Zot
 91649 | Zot:2    | Reached skill level 1 in Maces & Flails
 91685 | Zot:2    | Reached skill level 10 in Summonings
 91739 | Zot:3    | Noticed a Killer Klown
 91751 | Zot:3    | Killed a Killer Klown
 91906 | Zot:3    | Reached XP level 25. HP: 194/194 MP: 44/44
 91947 | Zot:3    | Reached skill level 5 in Maces & Flails
 92067 | Zot:4    | Found a transporter.
 92073 | Zot:4    | Found a transporter.
 92138 | Zot:5    | Entered Level 5 of the Realm of Zot
 92254 | Zot:4    | Found a transporter.
 92254 | Zot:4    | Found a transporter.
 92567 | Zot:5    | Learned a level 2 spell: Blink
 92893 | Zot:5    | Noticed a Killer Klown
 92895 | Zot:5    | Noticed an orb of fire
 92896 | Zot:5    | Noticed an orb of fire
 92898 | Zot:5    | Noticed an orb of fire
 92898 | Zot:5    | Noticed an orb of fire
 92933 | Zot:5    | Noticed an ancient lich
 92943 | Zot:5    | Got the Orb of Zot
 92957 | Zot:5    | Noticed Josod the pandemonium lord
 92971 | Zot:5    | Killed an ancient lich
 92990 | Zot:5    | Killed a Killer Klown
 93000 | Zot:5    | Killed Josod the pandemonium lord
 93399 | D:8      | Found a burning altar of Makhleb.
 93399 | D:8      | Found a snail-covered altar of Cheibriados.
 93623 | D:$      | Escaped with the Orb!

Illustrated notes

Levels and vault maps discovered:
D:1:      moated_graveyard_arrival, layout_basic, serial_glass, glass_columns_c,
          glass_columns_a, chequers_ecumenical_altar_simple_redux,
          minmay_tree_intersection
D:2:      layout_loops_ring
D:3:      layout_basic, nicolae_ru_sacrificial_ziggurat, grunt_ministairs_1
D:4:      minmay_bubble_buster, layout_gridville, kennysheep_generic_room_5,
          uniq_robin
D:5:      kennysheep_six_static_rooms, layout_loops_ring,
          overflow_temple_1_default, kennysheep_little_box,
          minmay_temple_entry_arrows, serial_shops, shop, shop
D:6:      layout_basic, grunt_temple_overflow_open, amcnicky_altar_gilded,
          serial_rivers, chequers_serial_rivers_room_b,
          chequers_serial_rivers_small_b, chequers_serial_rivers_micro_b,
          chequers_serial_rivers_small_3, chequers_serial_rivers_room_a
D:7:      layout_basic, nicolae_elyvilon_peaceful_grove, doesnt_xom_only_xom,
          kennysheep_generic_room_6, uniq_joseph
D:8:      layout_basic, mainiacjoe_overflow_catwalk,
          nicolae_overflow_hidden_temple
D:9:      layout_roguey, lair_entry_dummy
D:10:     layout_basic, nicolae_trove_entry_columns, uniq_sonja
D:11:     layout_stronghold, gauntlet_entry_generic, nicolae_gozag_seed_capital
D:12:     layout_basic, orc_0_dummy, hangedman_abyss_or_decor_stagger,
          minivault_5, hangedman_decor_riveting, uniq_jorgrun
D:13:     layout_gridville, zin_treasury
D:14:     minmay_strange_plus, layout_rooms, lightli_vaults_fourway_checkpoint,
          hangedman_glass_teeth
D:15:     grunt_enter_depths_hoard, layout_basic,
          roderic_lattice_octagonal_star, statue_in_the_mist_lemuel, drop_trap,
          minmay_shop_enchanted_jewellery, uniq_louise, uniq_josephine
Temple:   hellmonk_temple_beads
Lair:1:   layout_loops_ring
Lair:2:   layout_roguey, hellmonk_spider_entry_life_and_decay, basic_altar,
          hellmonk_guarded_unrand_zhor, serial_bayou_shore_b
Lair:3:   layout_small_grid, minmay_shoals_entry_lonely_mermaid
Lair:4:   layout_roguey, minmay_slime_entry_pillars, serial_bayou_ford_a,
          infiniplex_staircase_pool_2, serial_bayou_shore_b
Lair:5:   minmay_lair_end_enchanted_forest, layout_layer_cave
Shoals:1: layout_shoals, portal_ice_cave_entry_dragon
Shoals:2: cheibrodos_shoals_gigantism, layout_shoals, yaktaur_hedge
Shoals:3: layout_shoals, ebering_ghost_davey_jones
Shoals:4: shoals_end_simple, layout_shoals, ebering_ghost_xom, serial_shops,
          nicolae_shop_hallway_stairs
Spider:1: layout_spider_delve, guppyfry_spider_mini_2, uniq_roxanne
Spider:2: layout_spider_delve, nicolae_spider_cling_halls
Spider:3: layout_chambers, hangedman_spider_tarantella_strand, uniq_arachne
Spider:4: spider_rune_water, nicolae_spider_some_kinda_spiderbox
Slime:1:  layout_caves
Slime:2:  layout_caves, dissolution_awaits
Orc:1:    layout_diamond_mine
Orc:2:    st_orc_open, layout_caves, gammafunk_ghost_grave, uniq_nessos,
          uniq_donald
Elf:1:    layout_loops_cross, serial_shops, nicolae_shop_advertising_works
          [nicolae_subvault_shop_adworks], serial_aquarium,
          aquarium_bridge_island_large [aquarium_subvault_large_open,
          aquarium_subvault_wall, aquarium_subvault_wall,
          aquarium_subvault_bridge, aquarium_subvault_bridge],
          aquarium_bridge_square [aquarium_subvault_bridge,
          aquarium_subvault_wall, aquarium_subvault_bridge,
          aquarium_subvault_bridge], aquarium_window_fake, aquarium_window_fake,
          aquarium_window_corridor_3, aquarium_view_2e, aquarium_pool_split,
          minmay_elf_demonology
Elf:2:    nicolae_elf_blades_splatter_lattice
          [nicolae_blade_entry_splitting_headache], layout_geoelf_octagon,
          serial_shops, nicolae_shop_trees, nicolae_shop_hallway_stairs,
          lemuel_flamethrower_3
Elf:3:    minmay_elf_hall_dome, layout_loops_cross, basic_altar, uniq_mara
Vaults:1: ontoclasm_vaults_twist, hangedman_vaults_snaps, ontoclasm_vaults_eye,
          hangedman_vaults_pinch, ontoclasm_vaults_idyll,
          vaults_room_stairs_pillars, hangedman_vaults_restitches,
          dpeg_vaults_hating_casters, layout_vaults_omnigrid
Vaults:2: gammafunk_ghost_spectres, nicolae_vaults_network_s,
          vaults_room_door_ring, v_alt_pattern_3, v_misc_29,
          vaults_dpeg_emergency_exit, vaults_dpeg_encased_lava, v_misc_9,
          hangedman_vaults_cutoff, layout_vaults_chaotic_city
Vaults:3: v_misc_16, nicolae_vaults_back_hallway, v_misc_5, v_rooms_6,
          minmay_crypt_entry_simple_round, nicolae_vaults_stairing_the_circle,
          st_smaller_cells, vaults_room_door_ring, v_alt_pattern_2,
          nicolae_vaults_mini_display_case, nicolae_vaults_what_the_h,
          ontoclasm_vaults_idyll, layout_vaults_omnibox
Vaults:4: grunt_vaults_bifocal, grunt_vaults_hallway_short,
          nicolae_vaults_twisting_passages, ontoclasm_vaults_fault,
          grunt_vaults_funnel, v_pattern_4, grunt_vaults_hallway_short,
          nicolae_vaults_circle_grid_a, hangedman_vaults_slice,
          vaults_room_large_hall, vaults_room_hallway, ontoclasm_vaults_chip,
          v_misc_4, layout_vaults_maze_snakey, serial_shops,
          nicolae_shop_overgrown_old_shop
Vaults:5
Crypt:1:  hangedman_staggered_hall, layout_misc_corridors
Crypt:2:  layout_misc_corridors
Crypt:3:  due_elkab, layout_chaotic_city, tomb_entry_shell_bobbens, door_vault
Depths:1: layout_basic, fedhas_altar_2, lightli_too_deep,
          abyss_entry_small_statue_room, grunt_ministairs_12, minmay_librarian,
          serial_bayou_shore_b, grunt_megastairs_5
Depths:2: minmay_isolated_rectangles_in_corner, layout_gridlike,
          chequers_serial_rivers_room_b, grunt_pan_entry_spiral, hellmouth_3,
          infiniplex_staircase_spiral_double, uniq_josephina
Depths:3: minmay_thinvault, layout_basic, enter_ziggurat_b,
          abyss_entry_flame_altar, hangedman_decor_slide_cut,
          nicolae_hell_entry_big_baal_hell, grunt_megastairs_4
Depths:4: grunt_x_marks_the_spot, layout_basic, okawaru_ov_weapons_minmay,
          hellmouth_1, uniq_grunn, uniq_parghit, uniq_boris
Zot:1:    layout_basic, nicolae_diode_intersection, uniq_vv
Zot:2:    layout_basic
Zot:3:    layout_twisted_circle, hangedman_elemental_corridor
Zot:4:    dreamdust_black_sun_cult, layout_onion, serial_nicolae_subway,
          nicolae_sub_station_metal, nicolae_sub_station_crystal,
          nicolae_sub_station_stone
Zot:5:    layout_misc_corridors

Skill      XL: |  1  2  3  4  5  6  7  8  9 10 11 12 13 14 15 16 17 18 19 20 21 22 23 24 25 |
---------------+----------------------------------------------------------------------------+-----
Spellcasting   | 2 3 5 7 8 9 10 11 12 14 15 17 | 17.0
Stealth        | 1 2 |  2.0
Fire Magic     | 3 4 5 6 |  6.0
Fighting       | 5 7 10 12 15 | 15.0
Dodging        | 2 5 6 9 11 15 | 15.0
Throwing       | 2 |  2.0
Translocations | 1 2 6 |  6.0
Transmutations | 1 3 7 |  7.0
Poison Magic   | 1 3 4 |  4.0
Conjurations   | 4 6 7 8 10 12 13 | 13.0
Air Magic      | 3 4 6 7 |  7.0
Ice Magic      | 5 6 7 |  7.0
Evocations     | 2 5 7 |  7.0
Hexes          | 5 |  5.5
Shields        | 5 6 11 13 14 15 | 15.0
Necromancy     | 5 10 12 | 12.0
Earth Magic    | 2 5 8 10 12 | 12.0
Armour         | 2 4 9 10 | 10.0
Summonings     | 10 | 10.0
Maces & Flails | 4 9 |  9.0
Short Blades   | |  2.4

Action                     |  1- 3 |  4- 6 |  7- 9 | 10-12 | 13-15 | 16-18 | 19-21 | 22-24 | 25-27 || total
---------------------------+-------+-------+-------+-------+-------+-------+-------+-------+-------++-------
  Melee: Short sword       |    63 |    14 |    18 |     4 |       |       |       |       |       ||    99
         Dagger            |       |       |    17 |   369 |   474 |       |       |       |       ||   860
         Punch             |       |       |       |     7 |    10 |       |       |       |       ||    17
         Mace              |       |       |       |    15 |    47 |       |       |       |       ||    62
         Hand axe          |       |       |       |       |   124 |   464 |   490 |   373 |       ||  1451
         Morningstar       |       |       |       |       |       |       |       |    35 |    50 ||    85
  Throw: Stone             |       |     5 |       |     1 |       |       |       |       |       ||     6
         Dart              |       |       |     7 |    34 |    11 |     3 |     3 |       |       ||    58
         Boomerang         |       |       |       |       |     3 |       |       |       |       ||     3
   Cast: Scorch            |    45 |    58 |   187 |   202 |    33 |       |       |       |       ||   525
         Ignite Poison     |       |       |     4 |    82 |   110 |    39 |    30 |    20 |       ||   285
         Freezing Cloud    |       |       |       |     4 |   195 |   273 |   135 |   113 |     6 ||   726
         Irradiate         |       |       |       |       |    10 |    27 |    63 |    95 |     8 ||   203
         Yara's Violent Un |       |       |       |       |     3 |    11 |    31 |    17 |       ||    62
         Apportation       |       |       |       |       |     1 |     3 |       |     4 |    12 ||    20
         Borgnjor's Vile C |       |       |       |       |    15 |   160 |   255 |   339 |    47 ||   816
         Death Channel     |       |       |       |       |       |     9 |       |       |       ||     9
         Lee's Rapid Decon |       |       |       |       |       |    15 |    26 |    46 |       ||    87
         Passage of Golubr |       |       |       |       |       |     7 |     1 |       |       ||     8
         Dispel Undead     |       |       |       |       |       |       |   112 |    93 |     1 ||   206
         Blink             |       |       |       |       |       |       |       |       |     1 ||     1
 Invoke: Fiery Armour      |     1 |       |     3 |     1 |     4 |       |       |       |       ||     9
         Potion Petition   |       |       |       |       |       |    10 |     1 |     5 |     3 ||    19
         Bribe Branch      |       |       |       |       |       |       |       |     1 |     3 ||     4
  Evoke: Wand              |       |       |       |     8 |    25 |    32 |     1 |     1 |     2 ||    69
         Tin of tremorston |       |       |       |       |     2 |     2 |     1 |     2 |       ||     7
         Box of beasts     |       |       |       |       |       |     2 |     2 |     1 |       ||     5
         Condenser vane    |       |       |       |       |       |     1 |     1 |       |       ||     2
         Phantom mirror    |       |       |       |       |       |       |     1 |     1 |       ||     2
         Phial of floods   |       |       |       |       |       |       |       |     1 |       ||     1
    Use: Scroll            |       |     4 |     4 |     4 |    11 |     9 |     3 |     8 |     5 ||    48
   Stab: Distracted        |       |       |       |       |     1 |       |     4 |     1 |       ||     6
         Invisible         |       |       |       |       |       |     1 |       |       |       ||     1
         Sleeping          |       |       |       |       |       |     3 |       |       |       ||     3
 Armour: Robe              |    39 |    23 |    61 |   110 |       |       |       |       |       ||   233
         Animal skin       |       |       |       |    77 |   322 |   287 |   203 |       |       ||   889
         Troll leather arm |       |       |       |       |       |       |    33 |   320 |    32 ||   385
  Dodge: Dodged            |    42 |    31 |    70 |   302 |   512 |   461 |   331 |   489 |    55 ||  2293
  Block: Kite shield       |       |       |       |       |       |   205 |   526 |   574 |    62 ||  1367
         Reflection        |       |       |       |       |       |    28 |    20 |       |       ||    48

Table legend: (Time is in decaauts)
 A = Elapsed time spent in this place.
 B = Non-inter-level travel time spent in this place.
 C = Inter-level travel time spent in this place.
 D = Time resting spent in this place.
 E = Time spent auto-exploring this place.
 F = Levels seen in this place.
 G = Mean time per level.
                   A        B        C        D        E       F      G
               +--------+--------+--------+--------+--------+-----+--------+
         Total |  94810 |  86484 |   8326 |  28290 |  36466 |  56 | 1693.0 |
       Dungeon |  24057 |  20442 |   3615 |   4968 |  12034 |  15 | 1603.8 |
        Temple |    109 |     99 |     10 |      0 |     91 |   1 |  109.0 |
          Lair |  12649 |  11479 |   1170 |   3685 |   5565 |   5 | 2529.8 |
        Shoals |   9257 |   8640 |    617 |   4367 |   2170 |   4 | 2314.2 |
   Spider Nest |   8205 |   7951 |    254 |   3962 |   2330 |   4 | 2051.2 |
    Slime Pits |    286 |    276 |     10 |    115 |     41 |   2 |  143.0 |
  Orcish Mines |   3937 |   3406 |    531 |   1744 |    610 |   2 | 1968.5 |
   Elven Halls |   6802 |   6397 |    405 |   2472 |   2473 |   3 | 2267.3 |
        Vaults |  10723 |   9948 |    775 |   2493 |   3996 |   5 | 2144.6 |
         Crypt |   5765 |   5531 |    234 |   1318 |   2352 |   3 | 1921.7 |
        Depths |   8707 |   8007 |    700 |   1557 |   4303 |   4 | 2176.8 |
           Zot |   1530 |   1530 |      0 |    531 |    113 |   5 |  306.0 |
         Trove |     33 |     33 |      0 |      0 |      0 |   1 |   33.0 |
      Ice Cave |   1989 |   1989 |      0 |    997 |     96 |   1 | 1989.0 |
      Gauntlet |    753 |    753 |      0 |     78 |    291 |   1 |  753.0 |
               +--------+--------+--------+--------+--------+-----+--------+

Top non-repeatable levels by time:
  Lair:4: 3516 daAuts
  Lair:5: 3315 daAuts
Shoals:4: 3079 daAuts
Depths:3: 2961 daAuts
   Elf:2: 2759 daAuts
 Crypt:3: 2590 daAuts
Vaults:1: 2546 daAuts
Spider:1: 2497 daAuts
Spider:4: 2488 daAuts
Shoals:3: 2463 daAuts
   Orc:2: 2419 daAuts
    D:14: 2416 daAuts
Vaults:2: 2415 daAuts
Vaults:5: 2408 daAuts
  Lair:1: 2277 daAuts
